 Dungeon Crawl Stone Soup version 0.32-a0-131-g9dbbe29261 (webtiles) character file.

Game seed: 5796001426366661983

338 Dittersdorf the Trooper (level 6, 0/40 HPs)
             Began as a Gargoyle Fighter on Feb 8, 2024.
             Slain by an orc
             ... wielding a +1 hand axe of holy wrath
              (5 damage)
             ... on level 3 of the Dungeon.
             The game lasted 00:03:21 (2839 turns).

Dittersdorf the Trooper (Gargoyle Fighter)          Turns: 2839, Time: 00:03:22

Health: 0/40       AC: 14    Str: 21    XL:     6   Next: 55%
Magic:  6/6        EV:  8    Int:  9    God:
Gold:   266        SH:  4    Dex:  9    Spells: 5/5 levels left

rFire   . . .        a - +0 flail
rCold   . . .        c - +0 buckler
rNeg    + . .        j - +0 chain mail
rPois   ∞            (no helmet)
rElec   +            (no cloak)
rCorr   .            (no gloves)
SInv    .            (no boots)
Will    .....        e - amulet of magic regeneration Stlth
                     (no ring)
HPRegen 0.26/turn    (no ring)
MPRegen 0.50/turn

%: no passive effects
@: no status effects
A: sickness immunity, AC +4, negative energy resistance 1, electricity
resistance, torment resistance 1, petrification resistance
a: no special abilities


You were on level 3 of the Dungeon.
You visited 1 branch of the dungeon, and saw 3 of its levels.
You also visited: Sewer.

You collected 266 gold pieces.

Inventory:

Hand Weapons
 a - a +0 flail (weapon)
Armour
 c - a +0 buckler (worn)
 j - a +0 chain mail (worn)
Jewellery
 e - an amulet of magic regeneration (around neck)
Scrolls
 f - a scroll of immolation
 g - a scroll of brand weapon {unknown}
 i - 2 scrolls of teleportation {unknown}
 k - a scroll of torment {unknown}
 p - a scroll of acquirement {unknown}
 r - a scroll of identify {unknown}
Potions
 b - a potion of invisibility {unknown}
 d - 2 potions of curing {unknown}
 h - a potion of cancellation {unknown}
 l - a potion of heal wounds {unknown}
 m - a potion of magic {unknown}
 n - 2 potions of mutation {unknown}
 o - a potion of resistance {unknown}
 q - a potion of might


   Skills:
 + Level 4.8 Fighting
 + Level 3.6 Maces & Flails
 + Level 4.8 Armour
 + Level 4.8 Shields


You had 5 spell levels left.
You didn't know any spells.
Your spell library was empty.

Dungeon Overview and Level Annotations

Branches:
Dungeon (3/15)              Sewer (visited)

Altars:
Fedhas
Kikubaaqudgha

Shops:
D:1 ?

Annotations:
D:3 1 runed translucent door, cforsyth's ghost, amateur DjWr


Innate Abilities, Weirdness & Mutations

You are immune to sickness and miasma.
Your stone body is resilient. (AC +4)
You are immune to poison.
You resist negative energy. (rN+)
You are resistant to electric shocks. (rElec)
You are resistant to unholy torment.
You are immune to petrification.


Message History

You are too injured to fight recklessly!
You hit the orc priest.
The orc priest is moderately wounded.
The orc priest looks encouraged for a moment.
The orc hits you with a +1 hand axe of holy wrath.
The orc priest hits you but does no damage.
The orc priest mumbles some strange prayers to Beogh against you.
Beogh smites you!
* * * LOW HITPOINT WARNING * * *
You closely miss the orc priest.
The orc priest is moderately wounded.
The orc barely misses you. You block the orc priest's attack.
You hit the orc priest.
The orc priest is severely wounded.
The orc barely misses you. The orc priest closely misses you.
The orc hits you but does no damage.
You hit the orc priest.
The orc priest is severely wounded.
The orc priest calls down the wrath of Beogh upon you.
You barely resist.
The orc hits you with a +1 hand axe of holy wrath.
* * * LOW HITPOINT WARNING * * *
You hit the orc priest.
You kill the orc priest!
The orc barely misses you. The orc priest closely misses you.
You closely miss the orc priest. The orc closely misses you.
You block the orc priest's attack.
You closely miss the orc priest. The orc barely misses you.
You block the orc priest's attack.
You closely miss the orc priest. The orc closely misses you.
The orc priest barely misses you. The orc hits you but does no damage.
You sock the orc priest!
The orc priest is severely wounded.
The orc priest hits you but does no damage.
The orc hits you but does no damage.
You closely miss the orc priest.
The orc priest is severely wounded.
The orc priest hits you but does no damage.
The orc hits you with a +1 hand axe of holy wrath.
You die...

,*,,,,,,* *,* ,***,**,****** *,*
,,,,,**...,,,* *,* *******#..,,,*
*,* ,,,,,,,....,,* *,*
,*******#..#########***** *,*
,,,* #..........,,#,,*******,,
,*)* #.##....o##..#,,*,,,,,,,,
,*,* #.##....@oo..#,,*,*******
,,,* #.##....##......,,,,,>* ,,,*
#.##....#**..#..*,***,*
...*#####.......# *).#,,*,***,***
÷..##.#.........#**,,#,,,,,,,,,,,
...##...............,**,*,,,,,,,,
...##.#.############,**,*****,**,
...##.#...†,,,,,,,**,**,,,,,,,***
...##.#.###******,**,********>,,,


You could see an orc priest and 2 orcs.

Vanquished Creatures
  Pargi (Sewer)
  A brain worm (Sewer)
  An orc priest (D:3)
  2 orc wizards (D:3)
  3 adders
  A dart slug (D:2)
  A ribbon worm (D:2)
  8 orcs (D:3)
  9 endoplasms
  2 giant cockroaches (D:1)
  5 goblins
  5 hobgoblins
  10 jackals
  2 kobolds
  2 quokkas (D:1)
  7 ball pythons
  2 bats
  11 frilled lizards
  4 rats
77 creatures vanquished.

Notes
Turn   | Place    | Note
-------+----------+-------------------------------------------
     0 | D:1      | Dittersdorf the Gargoyle Fighter began the quest for the
                  | Orb.
     0 | D:1      | Reached XP level 1. HP: 14/14 MP: 1/1
    56 | D:1      | Reached XP level 2. HP: 19/19 MP: 2/2
   342 | D:1      | Reached XP level 3. HP: 3/23 MP: 3/3
   656 | D:1      | Found Esinizi's Magic Scroll Shoppe.
   943 | D:2      | Found Isounofymy's Armour Boutique.
  1235 | D:3      | Found a glowing drain.
  1250 | D:3      | Reached XP level 4. HP: 26/29 MP: 4/4
  1260 | Sewer    | Entered a sewer
  1260 | Sewer    | Noticed a brain worm
  1273 | Sewer    | Killed a brain worm
  1274 | Sewer    | Reached XP level 5. HP: 15/33 MP: 3/5
  1427 | Sewer    | Noticed Pargi
  1444 | Sewer    | Killed Pargi
  1445 | Sewer    | Reached XP level 6. HP: 21/39 MP: 6/6
  1825 | D:3      | Found a runed translucent door.
  1826 | D:3      | Noticed cforsyth's ghost (amateur DjWr)
  1826 | D:3      | Noticed an ice beast
  1874 | D:3      | Identified the +1 short sword "Huobol" {freeze, Dex+5}
  2043 | D:3      | Found a blossoming altar of Fedhas.
  2093 | D:3      | Found an ancient bone altar of Kikubaaqudgha.
  2264 | D:3      | Found a faded altar of an unknown god.
  2839 | D:3      | Slain by an orc

Illustrated notes

Levels and vault maps discovered:
D:1:      co_arrival_square_in_a_square_in_a_square, layout_rooms, serial_shops,
          nicolae_shop_rolled_up
D:2:      layout_rooms, serial_shops, nicolae_shop_just_a_little_nook
D:3:      layout_basic, old_standard_altar, fedhas_altar_3,
          cheibrodos_sewer_entry_drain, shapermc_ecumenical_altar_ellora,
          ebering_ghost_inner_flame

Skill      XL: |  1  2  3  4  5 |
---------------+----------------+-----
Fighting       | 4 |  4.8
Armour         | 4 |  4.8
Shields        | 4 |  4.8
Maces & Flails | 3 |  3.6

Action                     |  1- 3 |  4- 6 || total
---------------------------+-------+-------++-------
  Melee: Flail             |   147 |   151 ||   298
    Use: Scroll            |     1 |       ||     1
         Potion            |       |     1 ||     1
 Armour: Scale mail        |    56 |       ||    56
         Chain mail        |    49 |   199 ||   248
  Dodge: Dodged            |    79 |    67 ||   146
  Block: Buckler           |    31 |    38 ||    69

Table legend: (Time is in decaauts)
 A = Elapsed time spent in this place.
 B = Non-inter-level travel time spent in this place.
 C = Inter-level travel time spent in this place.
 D = Time resting spent in this place.
 E = Time spent auto-exploring this place.
 F = Levels seen in this place.
 G = Mean time per level.
                   A        B        C        D        E       F      G
               +--------+--------+--------+--------+--------+-----+--------+
         Total |   2953 |   2882 |     71 |    564 |   1579 |   4 |  738.2 |
       Dungeon |   2616 |   2545 |     71 |    489 |   1449 |   3 |  872.0 |
         Sewer |    336 |    336 |      0 |     75 |    129 |   1 |  336.0 |
               +--------+--------+--------+--------+--------+-----+--------+

Top non-repeatable levels by time:
     D:3: 1321 daAuts
     D:1: 722 daAuts
     D:2: 572 daAuts
   Sewer: 336 daAuts
